 Dungeon Crawl Stone Soup version 0.28.0-1-gb440e238dd (webtiles) character file.

Game seed: 8105164162157401980

53 Kaptain the Digger (level 3, 0/23 HPs)
             Began as an Octopode Earth Elementalist on Feb 22, 2022.
             Slain by a jackal (2 damage)
             ... on level 4 of the Dungeon.
             The game lasted 00:04:35 (1432 turns).

Kaptain the Digger (Octopode Earth Elementalist)    Turns: 1432, Time: 00:04:36

Health: 0/23       AC:  1    Str:  7    XL:     3   Next: 87%
Magic:  6/6        EV: 13    Int: 19    God:
Gold:   113        SH:  0    Dex: 12    Spells: 6/7 levels left

rFire   . . .      SeeInvis .   d - staff of poison
rCold   . . .      Faith    .   (no shield)
rNeg    . . .      Spirit   .   (helmet restricted)
rPois   +          Reflect  .   (no amulet)
rElec   .          Harm     .   (no ring)
rCorr   .          Rampage  .   (no ring)
Will    .....                   (no ring)
Stlth   ++........              (no ring)
HPRegen 0.07/turn               (no ring)
MPRegen 0.10/turn               (no ring)
                                (no ring)
                                (no ring)

@: confused
A: almost no armour, amphibious, 8 rings, camouflage 1, gelatinous body 1,
(nimble swimmer 1), tentacles
a: no special abilities


You were on level 4 of the Dungeon.
You visited 1 branch of the dungeon, and saw 3 of its levels.

You collected 113 gold pieces.

Inventory:

Hand Weapons
 c - a +0 dagger
 i - a +0 short sword
Magical Staves
 d - a staff of poison (weapon)
Scrolls
 b - a scroll of torment {unknown}
 g - 2 scrolls of identify {unknown}
Potions
 e - a potion of lignification {unknown}
 f - a potion of might {unknown}
 h - a potion of magic {unknown}


   Skills:
 * Level 1.4 Fighting
 + Level 2.2 Dodging
 + Level 3.1 Stealth
 * Level 2.5 Spellcasting
 - Level 1.0 Transmutations
 * Level 3.5 Earth Magic


You had 6 spell levels left.
You knew the following spells:

 Your Spells              Type           Power      Damage    Failure   Level
a - Sandblast             Erth           30%        2d9       3%          1

Your spell library contained the following spells:

 Spells                   Type           Power      Damage    Failure   Level
 Passwall                 Tmut/Erth      9%         N/A       10%         2
 Pain                     Necr           8%         1d4       16%         1
 Stone Arrow              Conj/Erth      18%        3d8       24%         3
 Petrify                  Tmut/Erth      11%        N/A       54%         4
 Agony                    Necr           2%         N/A       99%         5
 Excruciating Wounds      Necr           1%         N/A       99%         5


Dungeon Overview and Level Annotations

Branches:
Dungeon (2/15)

Altars:


Innate Abilities, Weirdness & Mutations

You cannot wear most types of armour.
You are amphibious.
You can wear up to eight rings at the same time.
Your skin changes colour to match your surroundings (Stealth+).
Your rubbery body absorbs attacks. (AC +1, EV +1)
((You are camouflaged when in or above water. (Stealth+)))
You have tentacles for arms and can constrict up to eight enemies at once.


Message History

You constrict the orc. The orc closely misses you.
A jackal comes into view.
You barely miss the orc.
The orc is moderately wounded.
You constrict the orc. The orc hits you with a +0 war axe.
The orc completely misses you.
You hit the orc but do no damage.
The orc is heavily wounded.
You constrict the orc.
A quokka comes into view.
The orc hits you with a +0 war axe.
You hit the orc.
You kill the orc!
The orc hits you with a +0 dagger.
You closely miss the orc. You grab the orc. You constrict the orc.
The orc hits you with a +0 dagger.
You hit the orc.
The orc is heavily wounded.
You constrict the orc. The orc closely misses you.
You hear some strange, mumbled words.
Something tries to affect you, but you resist.
You hit the orc.
You kill the orc!
Something hits you. The jackal bites you.
You feel much better. The jackal bites you. Something hits you.
You hit the jackal. Your grab misses the jackal.
The jackal is moderately wounded.
The jackal barely misses you.
You hear some strange, mumbled words.
You are confused.
The jackal bites you.
You're too confused to move!
The jackal bites you.
You hear some strange, mumbled words.
A magic dart appears from out of thin air!
The magic dart hits you!
* * * LOW HITPOINT WARNING * * *
You're too confused to move!
The jackal misses you. Something hits you.
* * * LOW HITPOINT WARNING * * *
The jackal bites you.
You die...

...#... ......
.{.....###..
...
.h###.#.###...
##...#.....##
#.#..o.#......#
#.....#o....#..
#....#oJh...#
#...###hKr..#
#.###
#@###.#... ##
#{....###..
#......# ##
#.....#...
......# ..
##.....#
.###.#. . ###.


You could see an orc, an endoplasm, a quokka, 2 jackals and a kobold.

Vanquished Creatures
  2 adders (D:2)
  A dart slug (D:1)
  2 orcs (D:4)
  2 bats
  3 endoplasms (D:1)
  3 goblins
  2 hobgoblins (D:1)
  4 quokkas (D:1)
  A ball python (D:1)
  4 frilled lizards
  A kobold (D:2)
  7 rats
32 creatures vanquished.

Notes
Turn   | Place    | Note
-------+----------+-------------------------------------------
     0 | D:1      | Kaptain the Octopode Earth Elementalist began the quest for
                  | the Orb.
     0 | D:1      | Reached XP level 1. HP: 11/11 MP: 3/3
   382 | D:1      | Reached XP level 2. HP: 18/18 MP: 3/5
   651 | D:1      | Reached skill level 1 in Fighting
   705 | D:1      | Found a faded altar of an unknown god.
   729 | D:1      | Reached XP level 3. HP: 12/23 MP: 6/6
  1410 | D:2      | You fall into a shaft and drop 2 floors!
  1432 | D:4      | Slain by a jackal

Illustrated notes

Levels and vault maps discovered:
D:1:      heliophobic_arrival_enchanted_forest, layout_rooms,
          shapermc_ecumenical_altar_pompeii, minmay_pentomino_z4
D:2:      layout_rooms, chequers_jeans, minmay_misc_feat_square,
          kennysheep_pointless_box
D:4:      nicolae_BIG_FREAKIN_CUBE, layout_cave_pools, portal_sewer_entry_b

Skill      XL: |  1  2 |
---------------+-------+-----
Fighting       | 1 |  1.4
Stealth        | 3 |  3.1
Dodging        | |  2.2
Spellcasting   | |  2.5
Transmutations | |  1.0
Earth Magic    | |  3.5

Action                   || total
-------------------------++-------
Melee: Staff             ||    24
       Constrict         ||     8
       Tentacles         ||     2
       Punch             ||     2
 Cast: Sandblast         ||    30
  Use: Potion            ||     3
 Stab: Sleeping          ||     4
Armor: Skin              ||     1
Dodge: Dodged            ||    15
